 Dungeon Crawl Stone Soup version 0.29-a0-286-g41199d4a87 (webtiles) character file.

Game seed: 13113028320608602118

300576 namelastname112 the Bludgeoner (level 20, -8/183 HPs)
             Began as a Green Draconian Brigand on Mar 16, 2022.
             Was the Champion of Uskayaw.
             Mangled by a saltling (15 damage)
             ... in the Desolation of Salt.
             The game lasted 01:02:58 (37799 turns).

namelastname112 the Bludgeoner (DrBr)              Turns: 37799, Time: 01:02:59

Health: -8/183     AC: 20    Str: 15    XL:     20   Next: 17%
Magic:  27/30      EV: 22    Int: 19    God:    Uskayaw [******]
Gold:   853        SH: 11    Dex: 20    Spells: 19/19 levels left

rFire   + + +      SeeInvis .   E - +8 whip "Snakebite" {venom, curare, rPois}
rCold   + . .      Faith    .   X - +2 buckler {rC+ rF+}
rNeg    . . .      Spirit   .   (body armour unavailable)
rPois   +          Reflect  .   b - +2 hood of the Assassin {Detection Stab+ Stlth++}
rElec   .          Harm     .   e - +1 cloak {rF+}
rCorr   .          Rampage  +   B - +2 pair of gloves
Will    +....                   Z - +2 pair of boots {rampage}
Stlth   ++++++++..              s - amulet of regeneration
HPRegen 1.20/turn               T - ring of Lucidity {Fly rF+ Int+7}
MPRegen 0.22/turn               H - +4 ring of slaying

@: flying, slowed, studying 2 skills, very slow
A: breathe noxious fumes, AC +10, unfitting armour, stinger 1, poison
resistance, cold-blooded
}: 2/15 runes: serpentine, barnacled
a: Breathe Noxious Fumes, Renounce Religion, Stomp, Line Pass, Grand Finale


You were in the Desolation of Salt.
You worshipped Uskayaw.
Uskayaw was pleased with you.
You visited 8 branches of the dungeon, and saw 36 of its levels.
You visited the Abyss 1 time.
You visited 1 bazaar.
You also visited: Ossuary, Bailey, Gauntlet, Ice Cave, Volcano and Desolation.

You collected 3530 gold pieces.
You spent 2677 gold pieces at shops.

Inventory:

Hand Weapons
 o - the +6 shillelagh "Devastator" {shatter}
   (You found it on level 2 of the Dungeon)

   It releases a powerful concussive burst when it strikes, dealing extra damage
   to the target and all other foes adjacent to them.
 A - a +2 demon whip of venom
 E - the +8 whip "Snakebite" (weapon) {venom, curare, rPois}
   (You found it on level 15 of the Dungeon)

   It poisons the flesh of those it strikes.
   It occasionally inflicts asphyxiating poison on those it strikes, dealing
   poison damage and causing slowness.
   rPois:     It protects you from poison.
Missiles
 c - 74 poisoned darts
 d - 8 curare-tipped darts
 l - 9 datura-tipped darts
 w - 6 silver javelins
 F - 11 throwing nets
 W - 23 javelins (quivered)
Armour
 b - the +2 hood of the Assassin (worn) {Detection Stab+ Stlth++}
   (You bought it in a shop on level 2 of the Orcish Mines)

   It allows the wearer to sense nearby creatures.
   It allows the wearer to make particularly effective stabbing attacks against
   helpless or unaware enemies with any weapon.
   Stlth:     It makes you much more stealthy.
 e - a +1 cloak of fire resistance (worn)
 B - a +2 pair of gloves (worn)
 X - a +2 buckler of resistance (worn)
 Z - a +2 pair of boots of rampaging (worn)
Jewellery
 a - the ring "Umacseh" {rC+ MP+9 Dex+7}
   (You found it in an ice cave)

   [ring of protection from cold]

   Dex:       It affects your dexterity (+7).
   rC:        It protects you from cold.
   MP:        It affects your magic capacity (+9).
 k - the amulet of Vaidef {Spirit Will++}
   (You found it on level 3 of the Elven Halls)

   [amulet of guardian spirit]

   It causes incoming damage to be divided between your reserves of health and
   magic.
   Will:      It greatly increases your willpower.
 s - an amulet of regeneration (around neck)
 u - a ring of resist corrosion
 G - an amulet of the acrobat
 H - a +4 ring of slaying (right hand)
 Q - a +4 ring of evasion
 T - the ring of Lucidity (left hand) {Fly rF+ Int+7}
   (You found it in a Gauntlet)

   [ring of flight]

   Int:       It affects your intelligence (+7).
   rF:        It protects you from fire.
   Fly:       It grants you flight.
 U - the ring "Soczit" {Ice rElec Int+4 Dex+2}
   (You found it in a Gauntlet)

   [ring of ice]

   It enhances your ice magic.
   Int:       It affects your intelligence (+4).
   Dex:       It affects your dexterity (+2).
   rF:        It makes you vulnerable to fire.
   rC:        It protects you from cold.
   rElec:     It insulates you from electricity.
Wands
 x - a wand of acid (7)
 y - a wand of iceblast (19)
 C - a wand of mindburst (16)
 K - a wand of paralysis (17)
 N - a wand of digging (7)
 R - a wand of polymorph (12)
Scrolls
 g - 4 scrolls of magic mapping
 h - 4 scrolls of fear
 n - 8 scrolls of amnesia
 r - 2 scrolls of blinking
 v - 4 scrolls of holy word
 D - 8 scrolls of teleportation
 J - 4 scrolls of fog
 L - 4 scrolls of enchant weapon
 O - 4 scrolls of enchant armour
 P - 3 scrolls of summoning
Potions
 f - 14 potions of curing
 i - 4 potions of brilliance
 j - 10 potions of ambrosia
 m - 2 potions of cancellation
 p - 3 potions of attraction
 q - a potion of heal wounds
 t - 7 potions of mutation
 z - 6 potions of flight
 M - 6 potions of resistance
 S - 3 potions of invisibility
 V - a potion of magic
 Y - 4 potions of might
Miscellaneous
 I - a piece from Xom's chessboard (15/15)


   Skills:
 + Level 16.8 Fighting
 - Level 2.7 Short Blades
 + Level 17.1 Maces & Flails
 + Level 14.2 Throwing
 + Level 14.2 Dodging
 * Level 12.8 Stealth
 + Level 15.9 Shields
 + Level 14.1 Invocations


You had 19 spell levels left.
You didn't know any spells.
Your spell library contained the following spells:

 Spells                   Type           Power      Damage    Failure   Level
 Beastly Appendage        Tmut           0%         N/A       22%         1
 Freeze                   Ice            0%         1d3       22%         1
 Shock                    Conj/Air       0%         1d3       22%         1
 Sting                    Tmut/Pois      0%         1d3       22%         1
 Blink                    Tloc           0%         N/A       34%         2
 Call Imp                 Summ           0%         N/A       34%         2
 Corpse Rot               Necr/Air       0%         N/A       34%         2
 Poisonous Vapours        Pois/Air       0%         N/A       34%         2
 Conjure Flame            Conj/Fire      0%         6-21      56%         3
 Frozen Ramparts          Ice            0%         1d2       56%         3
 Gell's Gravitas          Tloc           0%         N/A       56%         3
 Ignite Poison            Fire/Tmut/Pois 0%         N/A       56%         3
 Inner Flame              Hex/Fire       0%         N/A       56%         3
 Lesser Beckoning         Tloc           0%         N/A       56%         3
 Summon Guardian Golem    Hex/Summ       0%         N/A       56%         3
 Swiftness                Air            0%         N/A       56%         3
 Teleport Other           Tloc           0%         N/A       56%         3
 Airstrike                Air            0%         N/A       92%         4
 Hailstorm                Conj/Ice       0%         3d3       92%         4
 Olgreb's Toxic Radiance  Pois           0%         N/A       92%         4
 Petrify                  Tmut/Erth      0%         N/A       92%         4
 Sticky Flame             Conj/Fire      0%         2d3       92%         4
 Summon Ice Beast         Ice/Summ       0%         N/A       92%         4
 Summon Lightning Spire   Summ/Air       0%         N/A       92%         4
 Alistair's Intoxication  Tmut/Pois      0%         N/A       99%         5
 Blade Hands              Tmut           0%         N/A       99%         5
 Borgnjor's Vile Clutch   Necr/Erth      0%         N/A       99%         5
 Manifold Assault         Tloc           0%         N/A       99%         5
 Metabolic Englaciation   Hex/Ice        0%         N/A       99%         5
 Summon Mana Viper        Hex/Summ       0%         N/A       99%         5
 Dispersal                Tloc           0%         N/A       100%        6
 Eringya's Noxious Bog    Tmut/Pois      0%         N/A       100%        6
 Iron Shot                Conj/Erth      0%         9d1       100%        6
 Starburst                Conj/Fire      0%         6d3       100%        6
 Statue Form              Tmut/Erth      0%         N/A       100%        6
 Summon Cactus Giant      Summ           0%         N/A       100%        6
 Malign Gateway           Summ/Tloc      0%         N/A       100%        7
 Monstrous Menagerie      Summ           0%         N/A       100%        7
 Orb of Destruction       Conj           0%         9d5       100%        7
 Ozocubu's Refrigeration  Ice            0%         4d5       100%        7
 Spellforged Servitor     Conj/Summ      0%         N/A       100%        7
 Disjunction              Tloc           0%         N/A       100%        8
 Ignition                 Fire           0%         3d3       100%        8
 Animate Armour           Summ/Erth      Unusable   N/A       N/A         4

Dungeon Overview and Level Annotations

Branches:
Dungeon (15/15)            Temple (1/1) D:4            Lair (6/6) D:10
 Shoals (4/4) Lair:3        Snake (4/4) Lair:2        Slime (0/5) Lair:5
    Orc (2/2) D:9             Elf (3/3) Orc:2        Vaults (1/5) D:13
 Depths (0/4) D:15        Ossuary (visited)          Bailey (visited)
  IceCv (visited)         Volcano (visited)         Desolation (1/1)
Gauntlet (visited)

Altars:
Ashenzari
Cheibriados
Dithmenos
Elyvilon
Fedhas
Gozag
Hepliaklqana
Kikubaaqudgha
Makhleb
Nemelex Xobeh
Okawaru
Qazlal
Ru
Sif Muna
Trog
Uskayaw
Vehumet
Wu Jian
Xom
Yredelemnul
Zin
The Shining One
Beogh
Jiyva

Shops:
Orc:2 [*(=   Elf:2 *   Shoals:2 [   Shoals:3 =   Snake:3 (   Vaults:1 [

Annotations:
D:14 2 transporters
Elf:2 3 runed translucent doors


Innate Abilities, Weirdness & Mutations

You can breathe blasts of noxious fumes.
Your lurid green scales are hard. (AC +10)
You cannot fit into any form of body armour.
Your tail ends in a venomous barb.
Your system is resistant to poisons. (rPois)
You are cold-blooded and may be slowed by cold attacks.


Message History

You block the crystal guardian's attack!
You block the guardian serpent's attack!
The saltling barely misses you!
You punish the guardian serpent, causing immense pain!!!
You tail-slap the guardian serpent, but do no damage!
The guardian serpent is lightly wounded!
You block the peacekeeper's attack! The peacekeeper completely misses you!
The saltling closely misses you! The saltling hits you!!!
You block the saltling's attack!
The guardian serpent completely misses you!
You block the saltling's attack! The saltling hits you!!!
You take 25 damage, and have 56/183 hp!
You punish the guardian serpent, causing immense pain!
Your tail-slap misses the guardian serpent!
The guardian serpent is moderately wounded!
You block the peacekeeper's attack!
The peacekeeper claws you but does no damage!
The crystal guardian hits you!!! * * * don't die
* * * You block the saltling's attack!
The guardian serpent completely misses you!
The saltling barely misses you! You block the saltling's attack!
The saltling completely misses you!
You take 14 damage, and have 42/183 hp!
You stomp with the beat, sending a shockwave through the revellers around you!!!
The peacekeeper is heavily damaged!
The saltling is heavily damaged!
The guardian serpent is heavily wounded!
The saltling is severely damaged!
The saltling is almost destroyed!
The saltling is severely damaged!
The crystal guardian is moderately damaged!
The saltling is heavily damaged!
The peacekeeper barely misses you! You block the peacekeeper's attack!
The saltling hits you!!! * * * don't die
* * * The guardian serpent hits you but does no damage!
You block the saltling's attack!
The crystal guardian hits you!!!!!! * * * don't die
* * * The saltling completely misses you!
The saltling hits you!!! rip

§..§.........####........##
..#.§...#...##...#......#..
#.§.....#...#...[##.....#).
........#..#...............
..........##......##.#.....
#..##...$#...#.....
#.......#..........
#....##999...#...§§
.......9@9.......§§
.......9S9..#...
................#
......###.).....# .§§§..
....... .§§... ...[|..
.§§§.. ...::.. §§. #......


You could see a crystal guardian (strong), a peacekeeper, a guardian serpent and
5 saltlings.

Vanquished Creatures
  Bai Suzhen (Snake:3)
  Vashnia (Snake:3)
  Nikola (Snake:3)
  A deep elf blademaster (Elf:3)
  A titan (Shoals:2)
  2 deep elf master archers (Elf:3)
  Kirke (D:14)
  2 azure jellies (IceCv)
  6 nagarajas (Snake:4)
  Ilsuiw (Shoals:4)
  An orc warlord (Orc:2)
  Aizul (Snake:1)
  10 deep elf sorcerers
  4 deep elf elementalists (Elf:3)
  Nessos (Lair:4)
  2 stone giants
  3 deep elf demonologists
  3 deep elf annihilators (Elf:3)
  A minotaur (Gauntlet)
  A dire elephant (Gauntlet)
  4 deep elf death magi (Elf:3)
  9 merfolk impalers
  7 merfolk javelineers
  2 ragged hierophants (Desolation)
  6 deep elf high priests (Elf:3)
  A yaktaur captain (D:13)
  A fire dragon (Lair:6)
  2 servants of whispers (Desolation)
  7 naga warriors
  An ogre mage (D:15)
  4 peacekeepers (Desolation)
  Harold (D:9)
  6 hydras
  A boulder beetle (D:15)
  An ironbound frostheart (Vaults:1)
  5 merfolk avatars
  A catoblepas (Lair:6)
  11 anacondas
  Erica (D:8)
  14 centaur warriors
  7 two-headed ogres
  3 alligator snapping turtles
  6 satyrs
  2 death knights (D:14)
  12 death yaks
  18 dancing weapons
  16 naga sharpshooters
  5 orc high priests
  4 tengu warriors
  4 merfolk aquamancers
  A hell knight (Volcano)
  16 deep elf knights
  Sonja (Lair:4)
  6 shock serpents
  A salamander mystic (Snake:4)
  Nergalle (Orc:1)
  13 sea snakes
  Amaemon (Orc:1)
  2 anaconda zombies (Snake:3)
  A fire crab (Lair:6)
  6 spectral anacondas (Snake:3)
  10 deep elf archers
  7 naga ritualists
  18 deep elf pyromancers
  3 phantasmal warriors (D:14)
  5 orc knights
  7 mana vipers
  4 anaconda skeletons (Snake:3)
  22 harpies
  5 orc sorcerers
  23 deep elf zephyrmancers
  11 ugly things
  14 elephants
  9 cyclopes
  An oklob plant (Lair:4)
  12 salamanders
  10 manticores
  20 fauns
  A will-o-the-wisp (Abyss:2)
  Maurice (D:10)
  9 guardian serpents
  8 merfolk sirens
  16 naga magi
  5 molten gargoyles
  3 ice statues
  53 black mambas
  An orange demon (Orc:1)
  3 gargoyles (Volcano)
  3 water nymphs
  7 cane toads
  A torpor snail (Lair:6)
  Maggie (D:7)
  A kobold demonologist (D:12)
  An efreet (D:14)
  10 komodo dragons
  3 yaktaurs
  2 anaconda simulacra (Snake:3)
  3 rime drakes
  2 tengu conjurers (D:15)
  2 entropy weaver simulacra (IceCv)
  An ice devil (Gauntlet)
  A queen bee (Lair:6)
  3 meliai (Lair:6)
  4 polar bears
  5 trolls
  Grinder (D:4)
  35 merfolk
  A hornet (D:7)
  6 wind drakes
  34 blink frogs
  3 raiju (Abyss:2)
  22 saltlings (Desolation)
  Prince Ribbit (D:9)
  A dream sheep (Lair:5)
  15 snapping turtles
  30 slime creatures
  A large abomination (Abyss:2)
  A shadow (D:11)
  4 air elementals
  8 wyverns
  A vampire (D:10)
  A spriggan (Lair:5)
  47 yaks
  16 water elementals
  5 fire elementals
  4 hogs (D:14)
  7 basilisks
  2 wraiths
  A chaos spawn (Abyss:2)
  Grum (D:9)
  Menkaure (D:6)
  29 nagas
  4 wargs
  An acid dragon (D:11)
  3 demonic crawler simulacra (IceCv)
  Duvessa (D:7)
  10 water moccasins
  2 hell hounds (Lair:6)
  41 orc warriors
  3 ice beasts
  4 black bears
  3 sky beasts (D:6)
  4 ugly thing simulacra (IceCv)
  8 ogres
  17 wolves
  26 centaurs
  A phantom (D:5)
  Blork the orc (D:6)
  8 kobold brigands
  2 necrophages
  2 earth elementals
  10 bullfrogs
  A scorpion (D:5)
  5 gnoll sergeants
  4 glowing shapeshifter simulacra (IceCv)
  3 water moccasin zombies (Ossuary)
  8 wights
  Dowan (D:7)
  A ballistomycete (Lair:4)
  25 killer bees
  7 howler monkeys
  8 electric eels
  5 lava snakes (Lair:6)
  A wyvern simulacrum (D:8)
  3 hounds
  5 jellies
  A gnoll shaman (D:7)
  17 orc priests
  Crazy Yiuf (D:2)
  6 iguanas
  23 orc wizards
  2 mummies (Ossuary)
  23 gnolls
  12 adders
  A shadow imp (D:5)
  4 white imps
  2 howler monkey simulacra (D:8)
  9 adder zombies (Ossuary)
  5 worms
  3 dart slugs
  120 orcs
  9 ball pythons
  3 bats
  7 endoplasms
  4 giant cockroaches
  2 gnoll zombies (Ossuary)
  6 goblins
  4 hobgoblins
  2 jackals (D:2)
  A quokka (D:2)
  7 frilled lizards
  6 hobgoblin zombies (Ossuary)
  31 kobolds
  3 kobold zombies (Ossuary)
  4 orc zombies (Ossuary)
  11 rats
  A ballistomycete spore (Lair:4)
  A bush (Lair:4)
1423 creatures vanquished.

Vanquished Creatures (collateral kills)
  A manticore (Shoals:4)
1 creature vanquished.

Vanquished Creatures (others)
  A rime drake (Gauntlet)
  A hell hound (Lair:6)
  An orc (Orc:2)
  11 ballistomycete spores (Lair:4)
  3 demonic plants (Gauntlet)
  4 foxfires (Abyss:2)
  9 fungi
  59 plants
  A withered plant (Gauntlet)
90 creatures vanquished.

Grand Total: 1514 creatures vanquished

Notes
Turn   | Place    | Note
-------+----------+-------------------------------------------
     0 | D:1      | namelastname112 the Draconian Brigand began the quest for
                  | the Orb.
     0 | D:1      | Reached XP level 1. HP: 17/17 MP: 1/1
   130 | D:1      | Reached skill level 1 in Dodging
   189 | D:1      | Reached XP level 2. HP: 25/25 MP: 2/2
   791 | D:2      | Found a faded altar of an unknown god.
   830 | D:2      | Reached XP level 3. HP: 30/30 MP: 3/3
  1096 | D:2      | Found a runed translucent door.
  1096 | D:2      | Found the +6 shillelagh "Devastator" {shatter}
  1097 | D:2      | Noticed Crazy Yiuf
  1105 | D:2      | Killed Crazy Yiuf
  1263 | D:2      | Reached XP level 4. HP: 37/37 MP: 4/4
  1968 | D:3      | Reached skill level 1 in Maces & Flails
  2024 | D:3      | Reached XP level 5. HP: 41/45 MP: 5/5
  2335 | D:4      | Noticed Grinder
  2343 | D:4      | Killed Grinder
  2344 | D:4      | Reached skill level 2 in Maces & Flails
  2344 | D:4      | Reached XP level 6. HP: 52/52 MP: 6/6
  2352 | D:4      | Found a staircase to the Ecumenical Temple.
  2360 | D:4      | Found a sand-covered staircase.
  2373 | D:4      | Reached skill level 3 in Maces & Flails
  2384 | Ossuary  | Entered an ossuary
  2483 | Ossuary  | Your scales start taking on a lurid green colour.
  2483 | Ossuary  | Reached XP level 7. HP: 59/59 MP: 7/7
  2483 | Ossuary  | Gained mutation: Your system is resistant to poisons.
                  | (rPois) [Green Draconian growth]
  2497 | Ossuary  | Reached skill level 4 in Maces & Flails
  2587 | Temple   | Entered the Ecumenical Temple
  3262 | D:5      | Entered Level 5 of the Dungeon
  3553 | D:5      | Noticed a yak
  3553 | D:5      | Noticed a yak
  3555 | D:5      | Noticed a yak
  3558 | D:5      | Noticed a yak
  3559 | D:5      | Noticed a yak
  3560 | D:5      | Killed a yak
  3561 | D:5      | Reached skill level 5 in Fighting
  3561 | D:5      | Reached skill level 5 in Maces & Flails
  3561 | D:5      | Reached XP level 8. HP: 54/68 MP: 8/8
  3572 | D:5      | Reached skill level 6 in Maces & Flails
  3823 | D:5      | Reached skill level 5 in Throwing
  4229 | D:5      | Reached XP level 9. HP: 75/75 MP: 9/9
  4385 | D:6      | Found a sparkling altar of Nemelex Xobeh.
  4426 | D:6      | Noticed Blork the orc
  4434 | D:6      | Killed Blork the orc
  4435 | D:6      | Reached skill level 7 in Maces & Flails
  4532 | D:6      | Reached skill level 5 in Dodging
  4707 | D:6      | Noticed Menkaure
  4712 | D:6      | Killed Menkaure
  4833 | D:6      | Reached skill level 8 in Maces & Flails
  5354 | D:7      | Noticed Duvessa
  5354 | D:7      | Noticed Dowan
  5366 | D:7      | Killed Duvessa
  5368 | D:7      | Killed Dowan
  5381 | D:7      | Found a flagged portal.
  5393 | Bailey   | Entered a bailey
  5438 | Bailey   | Reached XP level 10. HP: 83/86 MP: 10/10
  5699 | Bailey   | Reached skill level 9 in Maces & Flails
  5757 | Bailey   | Reached skill level 10 in Maces & Flails
  5757 | Bailey   | Reached XP level 11. HP: 97/97 MP: 11/11
  5758 | Bailey   | Noticed an orc knight
  5758 | Bailey   | Noticed an orc knight
  5766 | Bailey   | Reached skill level 11 in Maces & Flails
  5772 | Bailey   | Killed an orc knight
  5833 | Bailey   | Killed an orc knight
  6239 | D:7      | Found a radiant altar of Vehumet.
  6497 | D:7      | Noticed Maggie
  6507 | D:7      | Killed Maggie
  6696 | D:7      | Found an ornate altar of the Wu Jian Council.
  7254 | D:8      | Noticed Erica
  7261 | D:8      | Killed Erica
  7262 | D:8      | Found a hide-covered altar of Uskayaw.
  7264 | D:8      | Found a blossoming altar of Fedhas.
  7264 | D:8      | Found a shimmering altar of Xom.
  7443 | D:8      | Became a worshipper of Uskayaw the Reveller
  7494 | D:8      | Noticed a seven-headed hydra
  7501 | D:8      | Reached * piety under Uskayaw
  7504 | D:8      | Reached ** piety under Uskayaw
  7505 | D:8      | Killed a seven-headed hydra
  7506 | D:8      | Reached skill level 1 in Shields
  7722 | D:9      | Found a white marble altar of Elyvilon.
  7825 | D:9      | Reached skill level 1 in Invocations
  7842 | D:9      | Noticed Grum
  7850 | D:9      | Killed Grum
  7850 | D:9      | Reached *** piety under Uskayaw
  7892 | D:9      | Noticed Prince Ribbit
  7904 | D:9      | Killed Prince Ribbit
  7907 | D:9      | Reached **** piety under Uskayaw
  8003 | D:9      | Reached ***** piety under Uskayaw
  8013 | D:9      | Reached ****** piety under Uskayaw
  8036 | D:9      | Found a staircase to the Orcish Mines.
  8113 | D:9      | Noticed a two-headed ogre
  8124 | D:9      | Killed a two-headed ogre
  8382 | D:9      | Noticed Harold
  8400 | D:9      | Killed Harold
  8401 | D:9      | Reached skill level 10 in Fighting
  8401 | D:9      | Reached skill level 12 in Maces & Flails
  8401 | D:9      | Reached XP level 12. HP: 93/106 MP: 12/14
  8485 | D:9      | Found a glowing silver altar of Zin.
  8514 | D:9      | Found a bloodstained altar of Trog.
  8684 | D:10     | Entered Level 10 of the Dungeon
  8772 | D:10     | Found a staircase to the Lair.
  8898 | D:10     | Noticed Maurice
  8912 | D:10     | Killed Maurice
  9620 | D:11     | Noticed a tengu warrior
  9628 | D:11     | Killed a tengu warrior
  9795 | D:12     | Reached skill level 5 in Shields
 10072 | D:12     | Noticed a two-headed ogre
 10080 | D:12     | Killed a two-headed ogre
 10550 | D:13     | Noticed a centaur warrior
 10550 | D:13     | Noticed a yaktaur captain
 10561 | D:13     | Reached skill level 5 in Invocations
 10562 | D:13     | Killed a yaktaur captain
 10566 | D:13     | Killed a centaur warrior
 10643 | D:13     | Found a gate to the Vaults.
 10655 | D:13     | Noticed a centaur warrior
 10659 | D:13     | Noticed a centaur warrior
 10667 | D:13     | Killed a centaur warrior
 10668 | D:13     | Reached XP level 13. HP: 47/115 MP: 17/17
 10777 | D:13     | Noticed a storm dragon
 11125 | D:14     | Noticed Kirke
 11310 | D:14     | Reached skill level 13 in Maces & Flails
 11646 | D:14     | Found a transporter.
 11746 | D:14     | Found a hide-covered altar of Uskayaw.
 11787 | D:14     | Killed Kirke
 11788 | D:14     | Reached skill level 10 in Throwing
 12091 | D:14     | Identified the +9 hunting sling of Conflict {flame, rC++
                  | Will- rCorr}
 12152 | D:14     | Noticed an azure jelly
 12158 | D:14     | Noticed a rockslime
 12159 | D:14     | Found a viscous altar of Jiyva.
 12400 | D:14     | Found a transporter.
 13056 | D:15     | Entered Level 15 of the Dungeon
 13204 | D:15     | Paralysed by an ogre mage for 3 turns
 13216 | D:15     | Reached skill level 10 in Dodging
 13216 | D:15     | Gained mutation: Your tail ends in a venomous barb. [Green
                  | Draconian growth]
 13216 | D:15     | Reached XP level 14. HP: 124/126 MP: 19/19
 13317 | D:15     | Found a staircase to the Depths.
 13317 | D:15     | Noticed a stone giant
 13339 | D:15     | Killed a stone giant
 13522 | D:15     | Found the +8 whip "Snakebite" {venom, curare, rPois}
 14072 | Lair:1   | Entered Level 1 of the Lair of Beasts
 14076 | Lair:1   | Reached skill level 10 in Shields
 14166 | Lair:1   | Found a gate leading to a gauntlet.
 14205 | Gauntlet | Entered a Gauntlet
 14205 | Gauntlet | Found a transporter.
 14205 | Gauntlet | Found a transporter.
 14223 | Gauntlet | Found a transporter.
 14226 | Gauntlet | Found a transporter.
 14243 | Gauntlet | Found a transporter.
 14251 | Gauntlet | Found a transporter.
 14255 | Gauntlet | Found a transporter.
 14272 | Gauntlet | Found a transporter.
 14278 | Gauntlet | Found a transporter.
 14282 | Gauntlet | Found a runed translucent door.
 14296 | Gauntlet | Found a transporter.
 14297 | Gauntlet | Found a transporter.
 14305 | Gauntlet | Found a transporter.
 14429 | Gauntlet | Identified the ring of Lucidity {Fly rF+ Int+7}
 14557 | Gauntlet | Identified the ring "Soczit" {Ice rElec Int+4 Dex+2}
 14630 | Gauntlet | Got the Disquisition on Warped Transformation
 15550 | Lair:2   | Found a staircase to the Snake Pit.
 16319 | Lair:3   | Found a staircase to the Shoals.
 16700 | Lair:3   | Identified the +6 dagger of the Peculiar Lives {distort,
                  | rPois rCorr Dex+6}
 16828 | Lair:4   | Noticed Nessos
 16835 | Lair:4   | Reached skill level 14 in Maces & Flails
 16844 | Lair:4   | Killed Nessos
 17078 | Lair:4   | Noticed Sonja
 17091 | Lair:4   | Killed Sonja
 17301 | Lair:4   | Reached XP level 15. HP: 135/135 MP: 21/21
 17582 | Lair:4   | Found a hide-covered altar of Uskayaw.
 18041 | Lair:5   | Found a dark tunnel.
 18062 | Volcano  | Entered a volcano
 18175 | Volcano  | Noticed an orb of fire
 18179 | Volcano  | Noticed an orb of fire
 18447 | Lair:5   | Found a frozen archway.
 18462 | IceCv    | Entered an ice cave
 18525 | IceCv    | Got the ring of Cocwewne {rPois rC+}
 18733 | IceCv    | Noticed an azure jelly
 18734 | IceCv    | Found a viscous altar of Jiyva.
 18734 | IceCv    | Noticed an azure jelly
 18745 | IceCv    | Killed an azure jelly
 18748 | IceCv    | Killed an azure jelly
 18777 | IceCv    | Got the ring "Umacseh" {rC+ MP+9 Dex+7}
 18931 | Lair:5   | Found a staircase to the Slime Pits.
 19648 | Lair:6   | Entered Level 6 of the Lair of Beasts
 19664 | Lair:6   | Reached skill level 10 in Invocations
 20575 | Lair:6   | Reached XP level 16. HP: 145/145 MP: 23/23
 20661 | Lair:6   | Found a large runed translucent door.
 20662 | Lair:6   | Found a large runed translucent door.
 21149 | Orc:1    | Entered Level 1 of the Orcish Mines
 21154 | Orc:1    | Noticed Amaemon
 21168 | Orc:1    | Killed Amaemon
 21352 | Orc:1    | Noticed Nergalle
 21366 | Orc:1    | Killed Nergalle
 21682 | Orc:2    | Entered Level 2 of the Orcish Mines
 21822 | Orc:2    | Found a staircase to the Elven Halls.
 21892 | Orc:2    | Reached skill level 15 in Maces & Flails
 22472 | Orc:2    | Found Afio's General Store.
 22474 | Orc:2    | Found Saes's Jewellery Shop.
 22476 | Orc:2    | Found Dufoshriu's Antique Armour Boutique.
 22476 | Orc:2    | Found Xeadwur's Antique Weapon Boutique.
 22481 | Orc:2    | Bought the +2 hood of the Assassin {Detection Stab+
                  | Stlth++} for 1800 gold pieces
 22481 | Orc:2    | Found the +2 hood of the Assassin {Detection Stab+ Stlth++}
 22761 | Snake:1  | Entered Level 1 of the Snake Pit
 22761 | Snake:1  | Noticed Aizul
 22783 | Snake:1  | Killed Aizul
 23982 | Snake:2  | You fall into a shaft and drop 1 floor!
 24004 | Snake:3  | Reached skill level 5 in Stealth
 24068 | Snake:3  | Found Hiotut's Weapon Emporium.
 24429 | Snake:3  | Noticed Bai Suzhen
 24696 | Snake:3  | Noticed Vashnia
 24850 | Snake:3  | You fall into a shaft and drop 1 floor!
 24850 | Snake:4  | Entered Level 4 of the Snake Pit
 25073 | Snake:4  | Reached XP level 17. HP: 53/154 MP: 25/25
 25986 | Snake:3  | Killed Bai Suzhen
 26273 | Snake:3  | Noticed Nikola
 26283 | Snake:3  | Killed Nikola
 26346 | Snake:3  | Killed Vashnia
 26518 | Snake:3  | Reached skill level 15 in Fighting
 28177 | Snake:4  | Got a serpentine rune of Zot
 28755 | Elf:1    | Entered Level 1 of the Elven Halls
 28779 | Elf:1    | Reached skill level 16 in Maces & Flails
 28839 | Elf:1    | Reached XP level 18. HP: 148/163 MP: 27/27
 29219 | Elf:1    | Got Pebann's Disquisition on Calling
 30248 | Elf:2    | Identified the +8 hunting sling of Ambiguity {speed, Will+
                  | Dex+2}
 30384 | Elf:2    | Found Deum's Assorted Antiques.
 30393 | Elf:2    | Bought a potion of resistance for 290 gold pieces
 30393 | Elf:2    | Bought a scroll of teleportation for 87 gold pieces
 30439 | Elf:2    | Bought a scroll of enchant weapon for 217 gold pieces
 30599 | Elf:2    | Found a runed translucent gate.
 30600 | Elf:2    | Found a runed translucent gate.
 30600 | Elf:2    | Found a runed translucent gate.
 30631 | Elf:3    | Entered Level 3 of the Elven Halls
 30678 | Elf:3    | Found a flickering gateway to a bazaar.
 30705 | Bazaar   | Entered a bazaar
 30816 | Bazaar   | Found Suwuepu's Antique Weapon Emporium.
 30862 | Bazaar   | Found Viemyl's Antique Armour Emporium.
 30876 | Bazaar   | Found Baerujonya's Assorted Antiques.
 30903 | Bazaar   | Found Antuap's Book Boutique.
 30929 | Bazaar   | Bought a scroll of teleportation for 81 gold pieces
 30929 | Bazaar   | Bought a scroll of enchant weapon for 202 gold pieces
 31095 | Elf:3    | Reached skill level 15 in Shields
 31257 | Elf:3    | Reached skill level 10 in Stealth
 32072 | Elf:3    | Paralysed by an air elemental for 1 turns
 32368 | Elf:3    | Identified the +11 shortbow "Suxunt" {venom, rF+ rC- Str+2
                  | Int+2 Stlth+}
 32380 | Elf:3    | Identified the amulet of Vaidef {Spirit Will++}
 32382 | Elf:3    | Got Sif Muna's Almanac of Dislocated Shape Shifting
 32428 | Elf:3    | Got the Tome of the Vitriolic Arsonist
 32603 | Elf:3    | Reached XP level 19. HP: 149/172 MP: 28/28
 32687 | Elf:3    | Identified the +3 mace "Kiullas" {freeze, *Rage rN+ Int+3}
 32691 | Elf:3    | Cast into level 2 of the Abyss (a deep elf sorcerer)
 32691 | Abyss:2  | Found a corrupted altar of Lugonu.
 32771 | Abyss:2  | Found a corrupted altar of Lugonu.
 32825 | Elf:3    | Escaped the Abyss
 32890 | Elf:2    | Identified the +7 plate armour of Qazlal's Regard {*Corrode
                  | Int+2 Dex+5}
 33103 | Shoals:1 | Entered Level 1 of the Shoals
 33838 | Shoals:1 | You are sucked into a shaft and drop 1 floor!
 34168 | Shoals:2 | Found Ciukyown's Armour Emporium.
 35693 | Shoals:3 | Found Ydwycaz's Jewellery Shop.
 36015 | Shoals:4 | Entered Level 4 of the Shoals
 36286 | Shoals:4 | Noticed Ilsuiw
 36304 | Shoals:4 | Killed Ilsuiw
 36305 | Shoals:4 | Reached skill level 17 in Maces & Flails
 36995 | Shoals:4 | Got a barnacled rune of Zot
 37244 | Shoals:4 | Reached XP level 20. HP: 182/182 MP: 30/30
 37507 | Vaults:1 | Entered Level 1 of the Vaults
 37509 | Vaults:1 | Found Utwuf's Antique Armour Shoppe.
 37575 | Vaults:1 | Found a crumbling gateway.
 37582 | Desolati | Entered the Desolation of Salt
 37799 | Desolati | HP: 7/183 [crystal guardian (29)]
 37799 | Desolati | Mangled by a saltling

Illustrated notes

Levels and vault maps discovered:
D:1:      sevenhm_arrival_forest_fort_large_2, layout_basic,
          chequers_serial_rivers_room_a
D:2:      layout_loops_ring, ebering_ecumenical_altar_abandoned,
          minmay_misc_feat_diagonals, uniq_crazy_yiuf_cottage
D:3:      layout_basic
D:4:      layout_cave_pools, minmay_temple_entry_large_hall, enter_ossuary_3,
          uniq_grinder
D:5:      layout_layer_cave
D:6:      minmay_diamond_boxcup, layout_layer_cave, mainiacjoe_overflow_paths,
          amcnicky_mini_rare_corridor_liquid, uniq_menkaure, uniq_blork_the_orc
D:7:      layout_basic, nicolae_overflow_crystal_walls,
          nzn_wu_jian_contemplation, enter_bailey_2, palyth_stone_intersect,
          uniq_maggie, uniq_duvessa
D:8:      layout_layer_cave, grunt_temple_overflow_open, serial_ice,
          serial_ice_e, serial_ice_o, serial_ice_m, serial_ice_d, uniq_erica
D:9:      layout_roguey, mainiacjoe_overflow_surrounded_room,
          mainiacjoe_overflow_large_starburst, erik_orc_2, special_room
          [special_room_orc], uniq_prince_ribbit1, uniq_grum, uniq_harold
D:10:     layout_rooms, lair_entry_dummy, st_stairs_3, uniq_maurice
D:11:     layout_basic
D:12:     layout_loops_ring
D:13:     layout_rooms, david_vaults_2, serial_curves, eino_curves_01,
          eino_curves_04, dreamdust_deal_with_the_devil, kennysheep_just_a_vault
D:14:     gammafunk_jiyva_shrine, layout_long_grid, grunt_decor_resistance,
          nicolae_uskayaw_suspiria, uniq_kirke
D:15:     grunt_enter_depths_giant_problem, layout_small_grid,
          chequers_serial_rivers_micro_e
Temple:   nicolae_temple_figure_eight
Lair:1:   layout_cave_pods, gauntlet_entry_generic
Lair:2:   layout_roguey, minmay_snake_entry_guardpost_medium
Lair:3:   layout_big_grid, minmay_shoals_entry_hut, st_stairs_9,
          serial_bayou_pond_c
Lair:4:   layout_cave_pods, minmay_lair_oklob_bushes, lemuel_oklob_altar,
          uniq_sonja, uniq_nessos
Lair:5:   layout_concentric_octagons, nicolae_slime_entry_slimehenge,
          portal_ice_cave_entry_pillars_2, nicolae_volcano_entry_lava_flow,
          grunt_forest_large_clearing_hut
Lair:6:   cheibrodos_lair_end_hotspot, layout_gridlike, special_room
          [special_room_bee]
Shoals:1: layout_shoals
Shoals:2: cheibrodos_shoals_gigantism, layout_shoals, serial_shops,
          nicolae_stop_n_shop_1
Shoals:3: layout_shoals, serial_shops, shop
Shoals:4: shoals_end_simple, layout_shoals, shoal_ilsuiw
Snake:1:  layout_rooms, serial_bayou, serial_bayou_lake_a,
          serial_bayou_crossing, serial_bayou_ford_a, serial_bayou_pond_e,
          serial_bayou_pond_e, nicolae_snake_slithery_corners,
          grunt_ministairs_3, uniq_aizul
Snake:2:  layout_onion
Snake:3:  layout_cave_town, serial_shops, shop, st_stairs_14,
          nicolae_snake_dead_anacondas, uniq_vashnia, uniq_bai_suzhen,
          uniq_nikola
Snake:4:  grunt_snake_rune_serpentine_throne, layout_rooms,
          nicolae_snake_gridmaze_spiral, lemuel_fruit_tree
Orc:1:    layout_diamond_mine, nicolae_orc_crystal_geode, uniq_amaemon,
          uniq_nergalle
Orc:2:    st_orc_congregation, layout_diamond_mine
Elf:1:    layout_geoelf_diagonals, minmay_elf_demonology, solitary_fountain,
          nrook_mini_backslash
Elf:2:    nicolae_elf_blades_crystal_corner, layout_gridlike, serial_shops,
          nicolae_square_shop, minivault_20
Elf:3:    minmay_elf_hall_curves, layout_geoelf_octagon, serial_shops,
          bzr_entry_water
Vaults:1: portal_desolation_entry_nicolae_slug, v_alt_pattern_4,
          hangedman_vaults_trim, nicolae_vaults_network_s,
          vaults_mumra_minichess_inversion, hangedman_vaults_slice, v_misc_10,
          hangedman_vaults_cutoff, nicolae_vaults_little_squares_1, v_misc_22,
          ontoclasm_vaults_misaligned, v_alt_pattern_4, vaults_room_grid,
          ontoclasm_vaults_decontamination, layout_vaults_maze_snakey,
          serial_shops, shop_fountains, shop, nicolae_shop_waterfront,
          nicolae_shop_hallway_stairs
Desolation

Skill      XL: |  1  2  3  4  5  6  7  8  9 10 11 12 13 14 15 16 17 18 19 |
---------------+----------------------------------------------------------+-----
Dodging        | 1 2 3 4 5 7 8 9 10 11 12 13 14 | 14.2
Throwing       | 2 3 4 5 6 7 8 9 10 11 12 13 14 | 14.2
Stealth        | 4 6 8 10 12 | 12.8
Fighting       | 3 4 5 6 7 9 10 12 13 14 15 16 | 16.8
Maces & Flails | 1 2 3 5 6 8 10 12 13 14 15 16 17 | 17.1
Shields        | 3 6 9 11 13 14 15 | 15.9
Invocations    | 2 5 7 9 10 11 12 13 14 | 14.1
Short Blades   | |  2.7

Action                   |  1- 3 |  4- 6 |  7- 9 | 10-12 | 13-15 | 16-18 | 19-21 || total
-------------------------+-------+-------+-------+-------+-------+-------+-------++-------
Melee: Dagger            |    79 |       |       |       |       |       |       ||    79
       Tailslap          |    13 |     3 |    20 |    63 |   343 |   402 |   175 ||  1019
       Shillelagh        |     3 |    68 |   168 |   387 |   418 |    10 |       ||  1054
       Punch             |       |     1 |       |     4 |       |       |       ||     5
       Unarmed           |       |       |       |       |    13 |       |       ||    13
       Whip              |       |       |       |       |   976 |  1899 |   783 ||  3658
Throw: Dart              |     1 |       |       |     3 |     1 |       |       ||     5
       Javelin           |       |       |       |       |     5 |     7 |    10 ||    22
Invok: Line Pass         |       |       |       |     1 |     1 |     4 |       ||     6
       Stomp             |       |       |       |       |     3 |    19 |     1 ||    23
 Abil: Breathe Noxious F |       |       |     1 |    14 |    12 |    10 |     3 ||    40
Evoke: Wand              |       |       |       |     1 |    10 |     2 |     1 ||    14
  Use: Scroll            |       |     7 |     7 |     7 |    11 |    12 |     3 ||    47
       Potion            |       |       |       |     3 |     2 |    11 |     2 ||    18
 Stab: Sleeping          |     9 |     5 |     6 |    14 |    13 |    51 |    66 ||   164
       Distracted        |       |       |     1 |     1 |     1 |    12 |     5 ||    20
       Paralysed         |       |       |       |    19 |   156 |   138 |    61 ||   374
       Confused          |       |       |       |     6 |    12 |     6 |       ||    24
       Invisible         |       |       |       |       |       |     1 |       ||     1
Armor: Skin              |    17 |    28 |    51 |   118 |   237 |   209 |   127 ||   787
Dodge: Dodged            |    34 |    23 |    90 |   241 |   795 |  1018 |   358 ||  2559
Block: Buckler           |       |       |       |    58 |   447 |   633 |   286 ||  1424

Table legend: (Time is in decaauts)
 A = Elapsed time spent in this place.
 B = Non-inter-level travel time spent in this place.
 C = Inter-level travel time spent in this place.
 D = Time resting spent in this place.
 E = Time spent auto-exploring this place.
 F = Levels seen in this place.
 G = Mean time per level.
                   A        B        C        D        E       F      G
               +--------+--------+--------+--------+--------+-----+--------+
         Total |  35952 |  33639 |   2313 |   4187 |  21040 |  44 |  817.1 |
       Dungeon |  13254 |  12225 |   1029 |    989 |   8666 |  15 |  883.6 |
        Temple |    232 |    208 |     24 |      0 |    206 |   1 |  232.0 |
          Lair |   5585 |   5032 |    553 |    139 |   3739 |   6 |  930.8 |
        Shoals |   3977 |   3829 |    148 |    363 |   2537 |   4 |  994.2 |
     Snake Pit |   5438 |   5202 |    236 |   1281 |   2677 |   4 | 1359.5 |
  Orcish Mines |   1450 |   1270 |    180 |    139 |    796 |   2 |  725.0 |
   Elven Halls |   3502 |   3361 |    141 |    873 |   1547 |   3 | 1167.3 |
        Vaults |     71 |     71 |      0 |      0 |      0 |   1 |   71.0 |
         Abyss |    114 |    114 |      0 |      0 |     63 |   1 |  114.0 |
        Bazaar |    247 |    247 |      0 |      0 |    194 |   1 |  247.0 |
       Ossuary |    152 |    152 |      0 |     24 |     60 |   1 |  152.0 |
        Bailey |    558 |    558 |      0 |    208 |    157 |   1 |  558.0 |
      Ice Cave |    399 |    399 |      0 |      0 |    175 |   1 |  399.0 |
       Volcano |    334 |    334 |      0 |      0 |     72 |   1 |  334.0 |
    Desolation |    168 |    168 |      0 |     30 |     18 |   1 |  168.0 |
      Gauntlet |    465 |    465 |      0 |    141 |    132 |   1 |  465.0 |
               +--------+--------+--------+--------+--------+-----+--------+

Top non-repeatable levels by time:
 Snake:4: 1861 daAuts
   Elf:3: 1754 daAuts
 Snake:3: 1692 daAuts
    D:14: 1569 daAuts
Shoals:4: 1198 daAuts
  Lair:6: 1186 daAuts
  Lair:4: 1138 daAuts
     D:9: 1083 daAuts
     D:5: 1073 daAuts
   Elf:1: 1015 daAuts
     D:7: 955 daAuts
     D:2: 944 daAuts
  Lair:2: 943 daAuts
 Snake:2: 942 daAuts
 Snake:1: 942 daAuts
